 Dungeon Crawl Stone Soup version 0.29-a0-810-g3812dd5c9c (webtiles) character file.

Game seed: 5903098109868399862

99850 Morbidden the Contemplative (level 15, -3/113 HPs)
             Began as a Demonspawn Conjurer on July 3, 2022.
             Was a Priest of Cheibriados.
             Slain by a sun demon (8 damage)
             ... led by a balrug
             ... on level 5 of the Abyss on July 4, 2022.
             The game lasted 00:59:32 (26264 turns).

Morbidden the Contemplative (Demonspawn Conjurer)  Turns: 26264, Time: 00:59:33

Health: -3/113     AC: 28    Str: 22      XL:     15   Next: 78%
Magic:  3/28       EV: 23    Int: 36 (37) God:    Cheibriados [***...]
Gold:   2252       SH:  0    Dex: 27      Spells: 23/33 levels left

rFire   + + .      SeeInvis .   b - +3 triple sword (protect)
rCold   + + .      Faith    .   (shield currently unavailable)
rNeg    . . .      Spirit   .   x - +2 ring mail of the Goldsmith {rPois rC+ Regen+ Str+4}
rPois   +          Reflect  .   V - +2 helmet {Int+3}
rElec   .          Harm     .   G - +2 cloak
rCorr   .          Rampage  .   H - +1 pair of gloves {Dex+3}
Will    ++...                   h - +1 pair of boots of the Lute {Str+2}
Stlth   ++++......              y - amulet of magic regeneration
HPRegen 3.08/turn               I - ring of Cuokheuf {*Slow rPois rF++ Will+ Dex+4}
MPRegen 0.61/turn               B - +4 ring of evasion

@: under a protective aura, slowed, very slow
A: thin metallic scales 1, powered by death 1, demonic magic 3, weakness stinger
2, cold resistance 1, [subdued magic 1]
a: Renounce Religion, Bend Time, Temporal Distortion


You were on level 5 of the Abyss.
You worshipped Cheibriados.
Cheibriados was most pleased with you.
You visited 3 branches of the dungeon, and saw 21 of its levels.
You visited the Abyss 1 time.
You also visited: Trove, Gauntlet, Ice Cave and Volcano.

You collected 2252 gold pieces.

Inventory:

Hand Weapons
 a - a +5 scimitar of flaming
 b - a +3 triple sword of protection (weapon)
 X - a +0 double sword
Missiles
 t - 12 javelins
 z - 6 boomerangs (quivered)
 J - 4 throwing nets
 P - 3 silver javelins
Armour
 h - the +1 pair of boots of the Lute (worn) {Str+2}
   (You found it in a treasure trove)

   Str:       It affects your strength (+2).
 s - +0 ice dragon scales
 x - the +2 ring mail of the Goldsmith (worn) {rPois rC+ Regen+ Str+4}
   (You found it on level 4 of the Dungeon)

   Str:       It affects your strength (+4).
   rC:        It protects you from cold.
   rPois:     It protects you from poison.
   Regen:     It increases your rate of health regeneration.
 D - a +2 kite shield
 G - a +2 cloak (worn)
 H - a +1 pair of gloves of dexterity (worn)
 V - a +2 helmet of intelligence (worn)
 Z - a +3 plate armour of fire resistance
Jewellery
 c - a +6 ring of intelligence
 j - the ring of the Mantidfly {rPois Int+3}
   (You found it in a treasure trove)

   [ring of poison resistance]

   Int:       It affects your intelligence (+3).
   rPois:     It protects you from poison.
 y - an amulet of magic regeneration (around neck)
 B - a +4 ring of evasion (right hand)
 E - a ring of see invisible
 I - the ring of Cuokheuf (left hand) {*Slow rPois rF++ Will+ Dex+4}
   (You found it in a treasure trove)

   [ring of poison resistance]

   Dex:       It affects your dexterity (+4).
   rF:        It greatly protects you from fire.
   rPois:     It protects you from poison.
   *Slow:     It may slow you when you take damage.
   Will:      It increases your willpower.
Wands
 r - a wand of light (8)
 K - a wand of mindburst (8)
 L - a wand of flame (34)
 Q - a wand of charming (30)
 R - a wand of digging (5)
 S - a wand of polymorph (3)
 T - a wand of iceblast (5)
Scrolls
 l - 2 scrolls of fog
 p - 2 scrolls of amnesia
 u - 3 scrolls of poison
 v - 2 scrolls of silence
 A - 2 scrolls of blinking
 C - 4 scrolls of teleportation
 N - a scroll of magic mapping
 U - a scroll of enchant weapon
 Y - 5 scrolls of identify
Potions
 d - 5 potions of lignification {unknown}
 f - 9 potions of curing
 g - 3 potions of mutation
 i - 7 potions of cancellation {unknown}
 k - 9 potions of might
 m - 3 potions of flight {unknown}
 n - 3 potions of brilliance
 o - 2 potions of invisibility
 q - 4 potions of heal wounds
 w - 5 potions of resistance
 F - 3 potions of ambrosia
 M - 2 potions of magic
 O - a potion of berserk rage
Miscellaneous
 e - a box of beasts
 W - a lightning rod (4/4)


   Skills:
 * Level 9.1 Fighting
 + Level 7.5(9.6) Short Blades
 * Level 9.4(10.5) Long Blades
 + Level 1.1 Throwing
 + Level 6.0 Armour
 * Level 8.6 Dodging
 + Level 6.8 Stealth
 + Level 4.0 Shields
 * Level 9.9 Spellcasting
 * Level 10.8 Conjurations
 * Level 7.9 Translocations
 * Level 5.9 Earth Magic
 * Level 11.0 Invocations
 * Level 3.6 Evocations


You had 23 spell levels left.
You knew the following spells:

 Your Spells              Type           Power      Damage    Failure   Level
a - Stone Arrow           Conj/Erth      100%       3d13      1%          3
b - Searing Ray           Conj           100%       2d8       1%          2
c - Magic Dart            Conj           100%       1d8       1%          1
z - Iskenderun's Mystic   Conj/Tloc      60%        2d13      1%          4

Your spell library contained the following spells:

 Spells                   Type           Power      Damage    Failure   Level
 Shock                    Conj/Air       100%       1d9       1%          1
 Static Discharge         Conj/Air       43%        3-9/arc   1%          2
 Dazzling Flash           Conj/Hex       86%        N/A       1%          3
 Freeze                   Ice            52%        1d7       2%          1
 Fulminant Prism          Conj/Hex       21%        3d13      2%          4
 Hailstorm                Conj/Ice       43%        3d10      2%          4
 Poisonous Vapours        Pois/Air       26%        N/A       4%          2
 Sublimation of Blood     Necr           13%        N/A       4%          2
 Wereblood                Tmut           13%        N/A       4%          2
 Frozen Ramparts          Ice            26%        1d4       9%          3
 Swiftness                Air            13%        N/A       9%          3
 Animate Armour           Summ/Erth      60%        N/A       9%          4
 Summon Forest            Summ/Tloc      17%        N/A       16%         5
 Freezing Cloud           Conj/Ice/Air   16%        6-21      19%         5
 Dispersal                Tloc           27%        N/A       19%         6
 Borgnjor's Vile Clutch   Necr/Erth      15%        N/A       24%         5
 Corpse Rot               Necr/Pois/Air  13%        N/A       30%         4
 Alistair's Intoxication  Tmut/Pois      8%         N/A       65%         5
 Eringya's Noxious Bog    Tmut/Pois      6%         N/A       99%         6
 Simulacrum               Ice/Necr       6%         N/A       99%         6
 Summon Hydra             Summ           6%         N/A       100%        7
 Disjunction              Tloc           27%        N/A       100%        8
 Lehudib's Crystal Spear  Conj/Erth      28%        10d8      100%        8
 Polar Vortex             Ice            6%         N/A       100%        9


Dungeon Overview and Level Annotations

Branches:
Dungeon (14/15)            Temple (0/1) D:5            Lair (6/6) D:9
  Swamp (0/4) Lair:4        Snake (0/4) Lair:3        Slime (0/5) Lair:6
    Orc (1/2) D:12          IceCv (visited)         Volcano (visited)
Gauntlet (visited)
 Vaults: D:13-14

Altars:
Cheibriados
Dithmenos
Nemelex Xobeh
Okawaru
Ru
Sif Muna
Vehumet
Wu Jian
Yredelemnul
Jiyva

Shops:
D:10 (

Annotations:
D:9 Erolcha
Lair:2 3 runed translucent doors, Dritkant's ghost, journeyman GrHu
Lair:6 exclusion: oklob plant


Innate Abilities, Weirdness & Mutations

You are partially covered in thin metallic scales. (AC +2)
You regenerate a little health from kills.
Spells you cast and wands you use may paralyse nearby enemies.
You have a tail ending in a sharp stinger.
Your flesh is cold resistant. (rC+)
[Your spells are a little easier to cast, but a little less powerful.]


Message History

The sun demon is heavily wounded.
The mystic blast hits the wretched star!
The wretched star is heavily damaged.
The wretched star is knocked back by the mystic blast.
Malevolent energies surge around you. The tentacled starspawn bites you.
The tentacled starspawn tentacle-slaps you but does no damage.
The starspawn tentacle grabs you. The starspawn tentacle constricts you.
You feel your intelligence returning.
You feel the corruption within you wane somewhat.
Your urge to shout disappears.
You feel stable.
Unknown command.
Unknown command.
Unknown command.
Okay, then.
Unknown command.
Unknown command.
You slash the starspawn tentacle!
Your weapon exudes an aura of protection.
You destroy the starspawn tentacle!
Tentacles burst from the starspawn's body!
The tentacled starspawn misses you.
The tentacled starspawn completely misses you. 2 starspawn tentacles come into view.
Unknown command.
Unknown command.
You hit the tentacled starspawn.
The tentacled starspawn is almost destroyed.
Something hits you! Something drains your vigour!
You feel yourself slow down.
Deactivating autopickup; reactivate with Ctrl-A.
The wretched star glows turbulently.
The lance of force hits you!
* * * LOW HITPOINT WARNING * * *
You are knocked back by the lance of force.
You collide with the tentacled starspawn!
The tentacled starspawn is destroyed!
The starspawn's tentacles wither and die.
Something hits you!
* * * LOW HITPOINT WARNING * * *
The sun demon hits you!
You die...

... .... ... ...
# ... ... #..
.... . ≈≈#.
...#.. .... .
≈... #.#.###.....
#.#....)....#..
##.... #.3......
##.....##@3..##..
.
.....#..*.#....#
.
......#..#..#...
..#....#....#....
.
#..#.#.######....
#....#... .# . .
.≈....... . . . .
..≈..#.#. .≈.....
#.#... ≈....#..


You could see a wretched star and 2 sun demons.

Vanquished Creatures
  A tentacled starspawn (Abyss:3)
  2 azure jellies (IceCv)
  A balrug (Abyss:5)
  A very ugly thing (Abyss:3)
  2 ophanim (Abyss:3)
  A starflower (Abyss:3)
  A minotaur (Gauntlet)
  Harold (D:9)
  3 hydras
  A boulder beetle (D:13)
  A catoblepas (D:13)
  5 centaur warriors
  A tengu warrior (D:8)
  4 two-headed ogres
  3 hell hogs (Abyss:3)
  6 death yaks (Lair:3)
  A thrashing horror (Abyss:3)
  A sun demon (Abyss:5)
  3 wretched stars (Abyss:3)
  Lodul (D:11)
  5 skeletal warriors
  A goliath frog (Lair:6)
  A fire crab (Gauntlet)
  A shadow wraith (Abyss:5)
  4 large abominations (Abyss:3)
  A death drake (Abyss:3)
  6 starcursed masses (Abyss:3)
  A glowing orange brain (Abyss:3)
  5 deep elf pyromancers
  5 cyclopes
  2 ugly things (D:11)
  A manticore (D:12)
  4 salamanders (Volcano)
  3 worldbinders
  2 ice statues (IceCv)
  Joseph (D:10)
  6 elephants (Lair:2)
  3 black mambas
  An apocalypse crab (Abyss:3)
  3 smoke demons (Abyss:3)
  20 cane toads
  Maggie (D:10)
  2 unseen horrors
  An efreet (D:8)
  4 rime drakes
  An ice devil (D:12)
  2 tengu conjurers (D:12)
  8 komodo dragons
  5 entropy weaver simulacra (IceCv)
  3 trolls
  A polar bear (shapeshifter) (D:13)
  A merfolk (D:13)
  4 polar bears
  3 tyrant leeches
  4 raiju (Abyss:3)
  32 slime creatures
  23 blink frogs
  7 flying skulls
  A shadow (Abyss:3)
  40 yaks
  3 wraiths
  3 ynoxinuls
  5 wyverns
  A vampire (D:13)
  5 fire bats
  5 humans (D:14)
  7 basilisks
  A chaos spawn (Abyss:3)
  14 vampire mosquitoes
  A neqoxec (Abyss:3)
  3 wargs (D:9)
  3 steam dragons
  3 acid dragons
  A demonic crawler simulacrum (IceCv)
  3 hell hounds
  4 nagas (Lair:3)
  10 water moccasins
  2 sky beasts
  10 orc warriors
  3 black bears
  An ice beast (D:8)
  4 ogres
  4 ugly thing simulacra (IceCv)
  An ettin simulacrum (Abyss:3)
  16 wolves
  2 boggarts (Gauntlet)
  7 centaurs
  A phantom (D:7)
  A kobold brigand (D:8)
  A necrophage (D:13)
  3 gnoll sergeants
  20 bullfrogs
  2 glowing shapeshifter simulacra (IceCv)
  A cane toad simulacrum (Lair:6)
  3 scorpions
  11 wights (D:8)
  4 small abominations (Abyss:3)
  An elephant simulacrum (Lair:6)
  6 killer bees
  5 electric eels
  7 howler monkeys
  A quasit (D:12)
  3 jellies
  15 orc priests
  A gnoll bouda (D:7)
  2 iguanas
  18 orc wizards
  5 hell rats (Lair:3)
  A polar bear simulacrum (Lair:6)
  A statue (D:7)
  A wolf simulacrum (Lair:6)
  Robin (D:2)
  25 gnolls
  4 adders
  A shadow imp (D:7)
  4 white imps
  2 ufetubi
  3 worms (D:3)
  A dart slug (D:4)
  61 orcs
  3 ball pythons
  6 endoplasms
  4 giant cockroaches
  17 goblins
  14 hobgoblins
  A quokka (D:1)
  8 bats
  3 frilled lizards
  14 kobolds
  2 rats
  A lurking horror (Abyss:5)
  2 starspawn tentacles
672 creatures vanquished.

Vanquished Creatures (collateral kills)
  Rupert (D:14)
  4 ogres (D:11)
5 creatures vanquished.

Vanquished Creatures (others)
  A tentacled starspawn (Abyss:5)
  A two-headed ogre (Volcano)
  2 orc wizards
  An orc (D:9)
  23 fungi
  127 plants
  4 starspawn tentacles
  2 withered plants (Gauntlet)
161 creatures vanquished.

Grand Total: 838 creatures vanquished

Notes
Turn   | Place    | Note
-------+----------+-------------------------------------------
     0 | D:1      | Morbidden the Demonspawn Conjurer began the quest for the
                  | Orb.
     0 | D:1      | Reached XP level 1. HP: 13/13 MP: 3/3
   370 | D:1      | Gained mutation: Spells you cast may paralyse adjacent
                  | enemies. [demonic ancestry]
   370 | D:1      | Reached XP level 2. HP: 20/20 MP: 0/5
   473 | D:1      | Found a faded altar of an unknown god.
   807 | D:1      | Reached XP level 3. HP: 22/25 MP: 2/6
   905 | D:1      | Learned a level 2 spell: Searing Ray
  1654 | D:2      | Reached skill level 1 in Fighting
  1654 | D:2      | Noticed Robin
  1813 | D:2      | Reached XP level 4. HP: 22/32 MP: 3/7
  2184 | D:2      | Killed Robin
  2563 | D:2      | Reached skill level 1 in Short Blades
  2942 | D:2      | Reached XP level 5. HP: 25/37 MP: 6/8
  2945 | D:2      | You fall into a shaft and drop 1 floor!
  3232 | D:3      | Reached skill level 5 in Conjurations
  3234 | D:3      | Gained mutation: Your flesh is cold resistant. (rC+)
                  | [potion of mutation]
  3860 | D:3      | Reached XP level 6. HP: 32/44 MP: 2/10
  3991 | D:3      | Learned a level 4 spell: Iskenderun's Mystic Blast
  4571 | D:4      | Found a shimmering blue altar of Sif Muna.
  4572 | D:4      | Found an iron altar of Okawaru.
  4842 | D:4      | Found a sparkling altar of Nemelex Xobeh.
  5458 | D:4      | Identified the +2 ring mail of the Goldsmith {rPois rC+
                  | Regen+ Str+4}
  5707 | D:5      | Entered Level 5 of the Dungeon
  6118 | D:5      | Found a snail-covered altar of Cheibriados.
  6185 | D:5      | Became a worshipper of Cheibriados the Contemplative
  6416 | D:5      | Found a staircase to the Ecumenical Temple.
  6604 | D:6      | Gained mutation: You regenerate a little health from kills.
                  | [demonic ancestry]
  6604 | D:6      | Reached XP level 7. HP: 49/50 MP: 9/12
  6669 | D:6      | Reached skill level 1 in Translocations
  6669 | D:6      | Reached skill level 1 in Invocations
  6751 | D:6      | Found a shadowy altar of Dithmenos.
  7001 | D:6      | Reached skill level 1 in Armour
  7452 | D:6      | Reached skill level 2 in Invocations
  7627 | D:7      | Reached XP level 8. HP: 57/57 MP: 10/13
  7978 | D:7      | Found a radiant altar of Vehumet.
  8001 | D:7      | Reached skill level 3 in Invocations
  8934 | D:8      | Gained mutation: You are partially covered in thin metallic
                  | scales. (AC +2) [demonic ancestry]
  8934 | D:8      | Reached XP level 9. HP: 37/64 MP: 2/16
  8936 | D:8      | Reached skill level 4 in Invocations
  9043 | D:8      | Noticed a two-headed ogre
  9046 | D:8      | Killed a two-headed ogre
  9047 | D:8      | Reached skill level 5 in Spellcasting
  9065 | D:8      | Noticed a centaur warrior
  9074 | D:8      | Killed a centaur warrior
  9075 | D:8      | Reached skill level 5 in Invocations
  9077 | D:8      | Noticed a deep elf pyromancer
  9087 | D:8      | Killed a deep elf pyromancer
  9087 | D:8      | Noticed a troll
  9088 | D:8      | Reached skill level 5 in Stealth
  9088 | D:8      | Gained mutation: You have a small tail. [demonic ancestry]
  9088 | D:8      | Reached XP level 10. HP: 50/73 MP: 4/18
  9148 | D:8      | Noticed a tengu warrior
  9152 | D:8      | Killed a tengu warrior
  9164 | D:8      | Noticed a two-headed ogre
  9168 | D:8      | Reached * piety under Cheibriados
  9172 | D:8      | Killed a two-headed ogre
  9287 | D:8      | Reached skill level 1 in Long Blades
  9288 | D:8      | Reached skill level 6 in Invocations
  9294 | D:8      | Reached skill level 5 in Fighting
  9296 | D:8      | Reached skill level 5 in Dodging
  9306 | D:8      | Noticed a deep elf pyromancer
  9313 | D:8      | Killed a deep elf pyromancer
  9320 | D:8      | Reached ** piety under Cheibriados
  9383 | D:8      | Noticed a cyclops
  9391 | D:8      | Killed a cyclops
  9510 | D:8      | Gained mutation: You have a tail ending in a sharp stinger.
                  | [demonic ancestry]
  9510 | D:8      | Reached XP level 11. HP: 38/79 MP: 13/20
  9571 | D:8      | Found a basalt altar of Yredelemnul.
  9617 | D:8      | Found a sacrificial altar of Ru.
 10062 | D:8      | Learned a level 3 spell: Stone Arrow
 10384 | D:9      | Reached *** piety under Cheibriados
 10390 | D:9      | Reached skill level 5 in Short Blades
 10410 | D:9      | Found a staircase to the Lair.
 10575 | D:9      | Reached skill level 7 in Invocations
 10577 | D:9      | Reached skill level 1 in Earth Magic
 10872 | D:9      | Noticed an eight-headed hydra
 10884 | D:9      | Killed a seven-headed hydra
 11122 | D:9      | Noticed Harold
 11138 | D:9      | Killed Harold
 11233 | D:9      | Noticed Erolcha
 11421 | D:9      | Noticed a two-headed ogre
 11430 | D:9      | Killed a two-headed ogre
 11483 | D:9      | Found an ornate altar of the Wu Jian Council.
 11655 | Lair:1   | Entered Level 1 of the Lair of Beasts
 11838 | Lair:1   | Reached skill level 5 in Translocations
 11877 | Lair:1   | Found a gate leading to a gauntlet.
 11887 | Gauntlet | Entered a Gauntlet
 11887 | Gauntlet | Noticed a sixfirhy
 11887 | Gauntlet | Found a transporter.
 11887 | Gauntlet | Found a transporter.
 11905 | Gauntlet | Found a transporter.
 11905 | Gauntlet | Found a transporter.
 11925 | Gauntlet | Found a transporter.
 11937 | Gauntlet | Found a transporter.
 11938 | Gauntlet | Found a transporter.
 11945 | Gauntlet | Found a transporter.
 11948 | Gauntlet | Noticed a fire crab
 11962 | Gauntlet | Found a transporter.
 11962 | Gauntlet | Noticed a reaper
 11976 | Gauntlet | Found a transporter.
 11980 | Gauntlet | Found a transporter.
 11991 | Gauntlet | Found a transporter.
 12047 | Gauntlet | Reached **** piety under Cheibriados
 12096 | Gauntlet | Noticed a merfolk aquamancer
 12097 | Gauntlet | Noticed a merfolk aquamancer
 12141 | Gauntlet | Reached XP level 12. HP: 87/87 MP: 18/22
 12153 | Gauntlet | Identified the +1 scimitar of the Moon {venom, Str+4}
 12231 | Gauntlet | Noticed a minotaur
 12243 | Gauntlet | Killed a minotaur
 12833 | Lair:1   | Reached skill level 8 in Invocations
 13312 | Lair:2   | Reached skill level 5 in Long Blades
 13420 | Lair:2   | Noticed a six-headed hydra
 13426 | Lair:2   | Killed a six-headed hydra
 13464 | Lair:2   | Found a runed translucent gate.
 13464 | Lair:2   | Found a runed translucent gate.
 13464 | Lair:2   | Found a runed translucent gate.
 13467 | Lair:2   | Noticed Dritkant's ghost (journeyman GrHu)
 13480 | Lair:2   | Reached ***** piety under Cheibriados
 13689 | Lair:2   | Reached skill level 1 in Throwing
 13790 | Lair:2   | Got the Teachings on the Winter and Conduction
 13962 | Lair:2   | Noticed a five-headed hydra
 14782 | Lair:3   | Gained mutation: Spells you cast may paralyse nearby
                  | enemies. [demonic ancestry]
 14782 | Lair:3   | Reached XP level 13. HP: 63/95 MP: 15/24
 14812 | Lair:3   | Found a dark tunnel.
 14843 | Volcano  | Entered a volcano
 15581 | Lair:3   | Found a staircase to the Snake Pit.
 15638 | Lair:3   | Reached skill level 5 in Armour
 15638 | Lair:3   | Reached skill level 9 in Invocations
 16726 | Lair:4   | Found a staircase to the Swamp.
 16869 | Lair:4   | Found an iron altar of Okawaru.
 17762 | Lair:5   | Reached skill level 1 in Shields
 18359 | Lair:6   | Entered Level 6 of the Lair of Beasts
 18470 | Lair:6   | Reached ****** piety under Cheibriados
 18536 | Lair:6   | Found a frozen archway.
 18550 | IceCv    | Entered an ice cave
 18826 | IceCv    | Reached XP level 14. HP: 103/103 MP: 12/26
 19583 | IceCv    | Found a viscous altar of Jiyva.
 19583 | IceCv    | Noticed an azure jelly
 19591 | IceCv    | Killed an azure jelly
 19591 | IceCv    | Noticed an azure jelly
 19602 | IceCv    | Killed an azure jelly
 19603 | IceCv    | Reached skill level 10 in Conjurations
 20419 | Lair:6   | Identified the +0 robe of the Albatross {-Tele rC+ Dex+2}
 20428 | Lair:6   | Identified the +4 glaive of Lies {vamp, rF+ rN+ Dex+2}
 20608 | Lair:6   | Found a viscous altar of Jiyva.
 20861 | D:10     | Entered Level 10 of the Dungeon
 20864 | D:10     | Identified the +2 robe of Nyoveg {rElec Dex+2}
 21070 | D:10     | Noticed Joseph
 21079 | D:10     | Killed Joseph
 21080 | D:10     | Reached skill level 10 in Invocations
 21080 | D:10     | Reached skill level 1 in Evocations
 21217 | D:10     | Found Ahofit's Antique Weapon Emporium.
 21228 | D:10     | Noticed Maggie
 21238 | D:10     | Killed Maggie
 21570 | D:11     | Reached skill level 5 in Earth Magic
 21570 | D:11     | Found a portal to a secret trove of treasure.
 21575 | Trove    | Entered a treasure trove
 21582 | Trove    | Identified the +0 pair of gloves "Tegosaerr" {-Tele rElec
                  | rPois Int+6}
 21583 | Trove    | Identified the ring of the Mantidfly {rPois Int+3}
 21587 | Trove    | Identified the +1 pair of boots of the Lute {Str+2}
 21588 | Trove    | Identified the +1 chain mail of Devotion {Will+}
 21589 | Trove    | Identified the ring of Cuokheuf {*Slow rPois rF++ Will+
                  | Dex+4}
 21596 | Trove    | Identified the +0 helmet "Bylikuin" {rC+ Will+ Dex-3}
 21649 | D:11     | Noticed Lodul
 21656 | D:11     | Killed Lodul
 23329 | D:12     | Found a staircase to the Orcish Mines.
 23899 | Orc:1    | Entered Level 1 of the Orcish Mines
 23983 | D:13     | Gained mutation: Spells you cast and wands you use may
                  | paralyse nearby enemies. [demonic ancestry]
 23983 | D:13     | Reached XP level 15. HP: 107/112 MP: 15/28
 24748 | D:14     | Noticed Rupert
 24768 | D:14     | Killed Rupert
 25326 | Abyss:3  | Found a corrupted altar of Lugonu.
 25326 | Abyss:3  | Cast into level 3 of the Abyss (a wizard)
 25756 | Abyss:3  | Noticed a daeva
 26034 | Abyss:3  | Noticed a tentacled starspawn
 26041 | Abyss:3  | Killed a tentacled starspawn
 26123 | Abyss:3  | Reached skill level 11 in Invocations
 26254 | Abyss:5  | Noticed a tentacled starspawn
 26264 | Abyss:5  | Killed a tentacled starspawn
 26264 | Abyss:5  | HP: 5/113 [something (16)]
 26264 | Abyss:5  | Slain by a sun demon

Illustrated notes

Levels and vault maps discovered:
D:1:      spicycebolla_green_bress_n_ham, layout_basic,
          shapermc_ecumenical_altar_notcrosses, lemuel_old_faithful
D:2:      layout_loops_cross, nrook_mini_vaults, due_unseen_surprise, uniq_robin
D:3:      layout_basic, nicolae_wormholes
D:4:      corexii_shack_village, layout_basic, nemelex_altar_shiori,
          gammafunk_temple_overflow_statue
D:5:      layout_gridville, nicolae_overflow_crystal_walls,
          minmay_temple_entry_nine_rooms
D:6:      layout_cave_pods, mainiacjoe_overflow_alcove_2
D:7:      layout_layer_cave, vehumet_statue
D:8:      nzn_winding_woodlands_stair_cross
          [nzn_winding_woodlands_5x15_sawtooth,
          nzn_winding_woodlands_center_garden,
          nzn_winding_woodlands_5x15_split_checker,
          nzn_winding_woodlands_5x5_open_star,
          nzn_winding_woodlands_5x5_closed_star,
          nzn_winding_woodlands_5x15_cabin,
          nzn_winding_woodlands_center_pierced_h,
          nzn_winding_woodlands_5x15_crooked], layout_gridville,
          mainiacjoe_overflow_large_starburst
D:9:      layout_stronghold, lemuel_coloured_pillars_altar,
          erik_lair_orcish_takeover, minmay_fountain_box, grunt_ministairs_2,
          uniq_harold, uniq_erolcha
D:10:     layout_layer_cave, serial_shops, shop, uniq_maggie, uniq_joseph
D:11:     layout_small_grid, nicolae_trove_entry_crossroad, uniq_lodul
D:12:     kennysheep_demon_hangout, layout_loops_corners, david_orc_4
D:13:     layout_cave_pools, hangedman_stone_soup
D:14:     layout_loops_ring, grunt_vaults_entry_tiered,
          chequers_serial_rivers_small_a, uniq_rupert
Lair:1:   layout_cave_pods, gauntlet_entry_generic, serial_bayou_shore_b
Lair:2:   layout_layer_cave, gammafunk_ghost_split, serial_bayou_shore_a
Lair:3:   layout_cave_pods, minmay_snake_entry_guardpost_medium,
          nicolae_volcano_entry_two_sided, infiniplex_staircase_pool_2
Lair:4:   layout_gridlike, minmay_swamp_entry_eels, basic_altar,
          serial_bayou_crossing
Lair:5:   layout_loops_ring, serial_bayou_pond_c, minmay_holes,
          minmay_hedge_maze
Lair:6:   minmay_lair_end_frog_pond, layout_gridlike,
          minmay_slime_entry_oklob_enclosed, portal_ice_cave_entry_ice_simulacra
Orc:1:    layout_caves
Abyss:5:  base: Lair:4, minivault_13, evilmike_abyss_exit_4

Skill      XL: |  1  2  3  4  5  6  7  8  9 10 11 12 13 14 15 |
---------------+----------------------------------------------+-----
Dodging        | 2 3 4 5 6 7 8 |  8.6
Stealth        | 2 3 4 5 6 |  6.8
Fighting       | 1 2 3 4 5 6 7 8 9 |  9.1
Short Blades   | 1 2 3 4 5 6 7 |  7.5
Conjurations   | 5 6 7 8 9 10 | 10.8
Spellcasting   | 3 4 5 6 7 8 9 |  9.9
Translocations | 1 2 3 4 5 6 7 |  7.9
Invocations    | 2 3 5 6 7 8 9 10 11 | 11.0
Armour         | 1 2 3 4 5 6 |  6.0
Long Blades    | 2 4 5 7 8 9 |  9.4
Earth Magic    | 2 3 4 5 |  5.9
Throwing       | 1 |  1.1
Shields        | 2 3 4 |  4.0
Evocations     | 1 3 |  3.6

Action                   |  1- 3 |  4- 6 |  7- 9 | 10-12 | 13-15 || total
-------------------------+-------+-------+-------+-------+-------++-------
Melee: Dagger            |    31 |   101 |    82 |    20 |     1 ||   235
       Punch             |       |     2 |     1 |     7 |       ||    10
       Scimitar          |       |       |       |   305 |   499 ||   804
       Tailslap          |       |       |       |    41 |   130 ||   171
       Triple sword      |       |       |       |       |   145 ||   145
Throw: Boomerang         |       |       |     5 |     4 |    17 ||    26
 Cast: Magic Dart        |    45 |   111 |    77 |    33 |     4 ||   270
       Searing Ray       |       |    10 |    18 |    29 |     2 ||    59
       Iskenderun's Myst |       |       |     4 |    77 |   119 ||   200
       Stone Arrow       |       |       |       |    59 |   312 ||   371
Invok: Slouch            |       |       |       |       |     6 ||     6
Evoke: Wand              |       |       |       |       |     4 ||     4
       Box of beasts     |       |       |       |       |     2 ||     2
       Lightning rod     |       |       |       |       |     2 ||     2
  Use: Potion            |       |     2 |     4 |     1 |     2 ||     9
       Scroll            |       |       |       |    11 |    19 ||    30
 Stab: Paralysed         |    14 |    19 |    24 |    57 |    35 ||   149
       Sleeping          |       |     1 |     1 |     3 |     7 ||    12
       Distracted        |       |       |       |     1 |     1 ||     2
       Invisible         |       |       |       |       |     1 ||     1
Armor: Robe              |    12 |    11 |       |       |       ||    23
       Ring mail         |       |    20 |    76 |   217 |   256 ||   569
       Plate armour      |       |       |       |       |    97 ||    97
       Ice dragon scales |       |       |       |       |     3 ||     3
Dodge: Dodged            |    25 |    70 |    76 |   442 |   661 ||  1274
Block: Kite shield       |       |       |       |       |   437 ||   437

Table legend: (Time is in decaauts)
 A = Elapsed time spent in this place.
 B = Non-inter-level travel time spent in this place.
 C = Inter-level travel time spent in this place.
 D = Time resting spent in this place.
 E = Time spent auto-exploring this place.
 F = Levels seen in this place.
 G = Mean time per level.
                   A        B        C        D        E       F      G
               +--------+--------+--------+--------+--------+-----+--------+
         Total |  34921 |  33611 |   1310 |   2985 |  23769 |  28 | 1247.2 |
       Dungeon |  19236 |  18491 |    745 |   2062 |  13574 |  14 | 1374.0 |
          Lair |  11564 |  11000 |    564 |    374 |   8581 |   6 | 1927.3 |
  Orcish Mines |      1 |      1 |      0 |      0 |      0 |   1 |    1.0 |
         Abyss |   1256 |   1256 |      0 |     57 |    611 |   3 |  418.7 |
         Trove |     86 |     86 |      0 |      0 |      6 |   1 |   86.0 |
      Ice Cave |   1689 |   1689 |      0 |    348 |    696 |   1 | 1689.0 |
       Volcano |    425 |    425 |      0 |    105 |     27 |   1 |  425.0 |
      Gauntlet |    660 |    660 |      0 |     39 |    271 |   1 |  660.0 |
               +--------+--------+--------+--------+--------+-----+--------+

Top non-repeatable levels by time:
  Lair:3: 2511 daAuts
  Lair:2: 2469 daAuts
     D:1: 1964 daAuts
     D:8: 1923 daAuts
     D:9: 1903 daAuts
  Lair:6: 1788 daAuts
  Lair:1: 1744 daAuts
   IceCv: 1689 daAuts
     D:7: 1646 daAuts
  Lair:5: 1606 daAuts
    D:12: 1543 daAuts
  Lair:4: 1443 daAuts
    D:11: 1430 daAuts
     D:3: 1376 daAuts
     D:2: 1200 daAuts
